 Dungeon Crawl Stone Soup version 0.32-a0-975-g85d4e5bfdb (webtiles) character file.

Game seed: 2017782996628999179

15850 kae the Mimic (level 12, -10/95 HPs)
             Began as a Demonspawn Shapeshifter on Apr 18, 2024.
             Was an Initiate of Ru.
             Mangled by a blink frog (15 damage)
             ... on level 1 of the Lair of Beasts.
             The game lasted 00:14:23 (15258 turns).

kae the Mimic (Demonspawn Shapeshifter)            Turns: 15258, Time: 00:14:23

Health: -10/95     AC:  5    Str: 14    XL:     12   Next: 4%
Magic:  12/12      EV: 18    Int: 12    God:    Ru [......]
Gold:   864        SH:  0    Dex: 17    Spells: 11/11 levels left

rFire   . . .        n - melded +4 short sword (venom)
rCold   . . .        (shield currently unavailable)
rNeg    . . .        g - melded +0 ring mail
rPois   .            i - +1 helmet
rElec   .            G - +0 cloak
rCorr   +            (no gloves)
SInv    .            w - +1 pair of boots
Will    .....        I - amulet of magic regeneration
Stlth   +            R - ring of resist corrosion
HPRegen 0.35/turn    (no ring)
MPRegen 0.53/turn

%: clarity
@: about to teleport, flux-form, glowing
A: glow, contaminating, foul stench 2, demonic magic 2, weakness stinger 2,
clarity, robust 1, MP-powered wands
a: Begin Untransformation, Renounce Religion


You were on level 1 of the Lair of Beasts.
You worshipped Ru.
Ru was noncommittal.
You were something dangerously unstable.
You visited 3 branches of the dungeon, and saw 13 of its levels.

You collected 864 gold pieces.


Innate Abilities, Weirdness & Mutations

You are something dangerously unstable.
You glow with magical radiation, making you easy to see and hit.
Foes you strike become dangerously contaminated with magical radiation.
You are incapable of wielding weapons or throwing items.
You sometimes emit foul miasma when damaged in melee.
Spells you cast may paralyse nearby enemies.
You have a tail ending in a sharp stinger.
You possess an exceptional clarity of mind.
You are robust. (+10% HP)
You expend magic power (3 MP) to strengthen your wands.


   Skills:
 + Level 5.9 Fighting
 + Level 5.7 Dodging
 + Level 10.0 Unarmed Combat
 * Level 12.6 Shapeshifting


You had 11 spell levels left.
You didn't know any spells.
Your spell library contained the following spells:

 Spells                   Type           Power      Damage    Failure   Level
 Foxfire                  Conj/Fire      0%         2x1d4     32%         1
 Magic Dart               Conj           0%         1d3       32%         1
 Slow                     Hex            0%         N/A       32%         1
 Sting                    Conj/Alch      0%         1d3       32%         1
 Blink                    Tloc           0%         N/A       45%         2
 Call Imp                 Summ           0%         N/A       45%         2
 Ensorcelled Hibernation  Hex/Ice        0%         N/A       45%         2
 Lesser Beckoning         Tloc           0%         N/A       45%         2
 Mercury Vapours          Alch/Air       0%         N/A       45%         2
 Momentum Strike          Conj/Tloc      0%         3d8       45%         2
 Sublimation of Blood     Necr           0%         N/A       45%         2
 Confusing Touch          Hex            0%         N/A       69%         3
 Dazzling Flash           Conj/Hex       0%         N/A       69%         3
 Fugue of the Fallen      Necr           0%         N/A       69%         3
 Mephitic Cloud           Conj/Alch/Air  0%         N/A       69%         3
 Summon Ice Beast         Ice/Summ       0%         N/A       69%         3
 Vampiric Draining        Necr           0%         2d6       69%         3
 Anguish                  Hex/Necr       0%         N/A       97%         4
 Olgreb's Toxic Radiance  Alch           0%         N/A       97%         4
 Curse of Agony           Necr           0%         N/A       100%        5
 Silence                  Hex/Air        0%         N/A       100%        5
 Summon Mana Viper        Hex/Summ       0%         N/A       100%        5
 Plasma Beam              Fire/Air       0%         2x1d10    100%        6
 Starburst                Conj/Fire      0%         6d3       100%        6
 Monstrous Menagerie      Summ           0%         N/A       100%        7
 Rimeblight               Ice/Necr       0%         2d3       (prima100%   7
 Summon Hydra             Summ           0%         N/A       100%        7

Inventory:

Hand Weapons
 n - a +4 short sword of venom (melded)
   (You took it off an orc on level 3 of the Dungeon)
Missiles
 j - 104 stones (quivered)
 o - 28 poisoned darts
 s - 2 throwing nets {=f!f}
 B - 3 boomerangs
Armour
 a - a +0 animal skin
 g - a +0 ring mail (melded)
   (You found it on level 1 of the Dungeon)
 i - a +1 helmet (worn)
   (You found it on level 3 of the Dungeon)
 w - a +1 pair of boots (worn)
   (You found it on level 5 of the Dungeon)
 G - a +0 cloak (worn)
   (You took it off Maurice on level 9 of the Dungeon)
Jewellery
 I - an amulet of magic regeneration (around neck)
   (You found it on level 11 of the Dungeon)
 R - a ring of resist corrosion (left hand)
   (You found it on level 10 of the Dungeon)
Talismans
 c - a beast talisman
 d - a flux talisman (active)
Wands
 b - a wand of quicksilver (16)
   (You found it on level 6 of the Dungeon)
 l - a wand of polymorph (3)
   (You found it on level 8 of the Dungeon)
 m - a wand of digging (5)
   (You found it on level 11 of the Dungeon)
 q - a wand of paralysis (22)
   (You found it on level 3 of the Dungeon)
 H - a wand of mindburst (6)
   (You found it on level 11 of the Dungeon)
Scrolls
 v - 3 scrolls of enchant weapon
 y - 2 scrolls of amnesia
 A - a scroll of immolation {!r!r}
 C - a scroll of revelation
Potions
 e - a potion of berserk rage {!q}
 f - 2 potions of magic
 h - a potion of resistance
 k - a potion of invisibility
 p - a potion of brilliance
 r - a potion of lignification {!q}
 t - 2 potions of heal wounds {unknown}
 u - 5 potions of curing {@q1}
 x - a potion of enlightenment
 z - 2 potions of attraction {!q}
 E - a potion of haste {@q3}

Dungeon Overview and Level Annotations

Branches:
Dungeon (11/15) Zot: 24416  Temple (1/1) D:7 Zot: 5991    Lair (1/5) D:10 Zot: 5501
    Orc (0/2) D:11

Altars:
Ashenzari
Cheibriados
Dithmenos
Fedhas
Gozag
Hepliaklqana
Kikubaaqudgha
Makhleb
Nemelex Xobeh
Okawaru
Qazlal
Ru
Sif Muna
Trog
Uskayaw
Vehumet
Wu Jian
Xom
Yredelemnul

Shops:
D:10

[ ...## ##..###..##
.......##...##...#
.........§...§.###
.........>§...##
...F..........#
.............†##
...............#
..........§....###.
#...!.pF....F......
##...°.............
###................
#.../.§....##......
....###.....#
##.... ....#
##....# .... PS.#
......# .. ...
......## .#...##


You could see a black mamba (fleeing, contam) and 3 blink frogs.


Message History

You regained 12 hp, and now have 80/95 hp.
A blink frog comes into view. 😕 HP[+3]
You regained 3 hp, and now have 83/95 hp.
A blink frog is nearby!
A blink frog is nearby!
A blink frog is nearby!
The blink frog croaks.
You hear a loud, deep croak!
The blink frog blinks!
The blink frog blinks! 😕 HP[+1]
A blink frog comes into view.
The blink frog blinks!
A blink frog comes into view.
The blink frog gives a loud, deep croak! x2 😕 HP[+1]
A black mamba comes into view.
The black mamba hisses angrily.
A blink frog comes into view.
You miss the blink frog.
You tail-slap the blink frog, but do no damage.
The blink frog misses you.
The blink frog blinks!
You hit the blink frog but do no damage.
The blink frog begins to glow.
Your tail-slap misses the blink frog.
The blink frog blinks! x2; The blink frog completely misses you.
The blink frog hits you.
You closely miss the blink frog. The blink frog barely misses you.
The blink frog blinks!
The blink frog barely misses you. 😕 HP[-2]
You take 2 damage, and now have 83/95 hp.
Unknown command.
You hit the blink frog but do no damage.
The blink frog begins to glow.
The blink frog completely misses you. The black mamba closely misses you.
The blink frog misses you.
You punch the blink frog!
The blink frog glows dangerously bright.
The black mamba closely misses you.
The blink frog blinks!
The blink frog closely misses you. The black mamba bites you!
You are poisoned.
The black mamba poisons you! 😮 HP[-13]
You take 13 damage, and now have 70/95 hp.
You punch the black mamba!
The black mamba begins to glow.
You feel very sick.
The blink frog blinks!
The black mamba closely misses you. 😮 HP[-3]
You take 3 damage, and now have 67/95 hp.
Unknown command.
You barely miss the black mamba.
You feel sick. The black mamba misses you. The black mamba bites you! 😮 HP[-17]
You take 17 damage, and now have 50/95 hp.
Unknown command.
You hit the black mamba but do no damage.
The black mamba glows dangerously bright.
You feel sick. The black mamba closely misses you. The blink frog hits you!
* * * LOW HITPOINT WARNING * * *
The blink frog blinks!
The blink frog misses you. 😨 HP[-13]
You take 13 damage, and now have 37/95 hp.
Unknown command.
You closely miss the black mamba.
You feel sick. The black mamba closely misses you.
The blink frog completely misses you.
The blink frog blinks!
The black mamba bites you!
* * * LOW HITPOINT WARNING * * *
You emit a cloud of foul miasma!
The blink frog completely misses you. 😱 HP[-19]
You take 19 damage, and now have 18/95 hp.
Unknown command.
You barely miss the black mamba.
You feel sick.
The blink frog stops glowing.
The black mamba is engulfed in dark miasma.
The black mamba barely misses you. The blink frog hits you!
* * * LOW HITPOINT WARNING * * *
The blink frog blinks! 😱 HP[-11]
You take 11 damage, and now have 7/95 hp.
Unknown command.
As you read the scroll of fear, it crumbles to dust.
You assume a fearsome visage.
The blink frog looks frightened! x2
The blink frog easily resists.
The blink frog looks frightened!
The black mamba looks frightened!
You feel sick.
The black mamba is engulfed in dark miasma.
The blink frog blinks! x3
The blink frog is engulfed in dark miasma.
The blink frog is poisoned.
The blink frog blinks! x2 😱 HP[-1]
You take 1 damage, and now have 6/95 hp.
Unknown command.
Unknown command.
You feel better. The blink frog misses you.
The blink frog blinks! x3
The blink frog hits you!
* * * LOW HITPOINT WARNING * * *
The blink frog blinks! 😱 HP[-2]
You take 2 damage, and now have 4/95 hp.
As you read the scroll of teleportation {@r4}, it crumbles to dust.
You feel strangely unstable.
The blink frog blinks! x2; The blink frog hits you!
You die...
Ru respects your ultimate sacrifice.

Skill      XL: |  1  2  3  4  5  6  7  8  9 10 11 |
---------------+----------------------------------+-----
Shapeshifting  | 3 4 5 7 8 10 11 12 | 12.6
Unarmed Combat | 3 4 5 6 8 9 10 | 10.0
Dodging        | 3 5 |  5.7
Fighting       | 3 5 |  5.9

Action                     |  1- 3 |  4- 6 |  7- 9 | 10-12 || total
---------------------------+-------+-------+-------+-------++-------
  Melee: Unarmed           |   174 |    23 |   272 |   500 ||   969
         Tailslap          |    18 |    23 |    48 |   107 ||   196
         Punch             |     2 |     1 |       |       ||     3
         Short sword       |       |    82 |    25 |       ||   107
  Evoke: Wand              |       |     1 |     2 |    18 ||    21
    Use: Scroll            |     5 |     7 |     8 |     5 ||    25
         Potion            |       |       |     8 |     2 ||    10
   Stab: Paralysed         |       |     6 |     5 |    35 ||    46
 Armour: Animal skin       |     9 |       |       |       ||     9
         Ring mail         |    94 |    64 |       |       ||   158
         Skin              |       |       |   194 |   200 ||   394
  Dodge: Dodged            |    88 |    49 |   169 |   330 ||   636
   Form: Flux              |       |     1 |       |       ||     1

Levels and vault maps discovered:
D:1:      minmay_arrival_diagonal_passages, layout_loops_cross,
          nicolae_figureground_sparkle
D:2:      layout_basic
D:3:      layout_basic, mainiacjoe_overflow_small_starburst,
          nzn_wu_jian_contemplation, ebering_ecumenical_altar_ruins
D:4:      cheibrodos_greedy_goblins, layout_cave_pools,
          yredelemnul_altar_generic, dreamdust_princess_corridor,
          kennysheep_generic_room_14
D:5:      layout_loops_ring, nrook_mini_backslash
D:6:      layout_basic, amethyst_overflow_temple_binary, uniq_maggie
D:7:      layout_loops_ring, nicolae_kikubaaqudgha_miasma_corner,
          minmay_temple_entry_poolview, uniq_pikel, uniq_jeremiah, uniq_joseph,
          uniq_prince_ribbit1
D:8:      layout_cave_pools, mainiacjoe_overflow_tiny_flanked,
          mainiacjoe_overflow_boulevard
D:9:      statuecave_lemuel, layout_rooms, grunt_temple_overflow_open,
          grunt_ministairs_12, dk_noncrumbling_3, water_boxes_lemuel,
          uniq_amaemon, uniq_maurice
D:10:     layout_long_grid, hellmonk_lair_entry_icy, serial_rivers,
          chequers_serial_rivers_room_a, chequers_serial_rivers_small_3,
          chequers_serial_rivers_micro_b, chequers_serial_rivers_micro_e,
          serial_shops, shop, hangedman_feature_mirror
D:11:     layout_long_grid, zombieorc2_lemuel
Temple:   nicolae_temple_x_marks_the_god
Lair:1:   layout_layer_cave, minivault_27

Notes
Turn   | Place    | Note
-------+----------+-------------------------------------------
     0 | D:1      | kae the Demonspawn Shapeshifter began the quest for the
                  | Orb.
     0 | D:1      | Reached XP level 1. HP: 15/15 MP: 1/1
     0 | D:1      | magus.rc [v1.11.3]
   162 | D:1      | Reached skill level 3 in Shapeshifting
   237 | D:1      | Gained mutation: You have a small tail. [demonic ancestry]
   237 | D:1      | Reached XP level 2. HP: 15/21 MP: 2/2
   334 | D:1      | Reached skill level 3 in Unarmed Combat
   742 | D:2      | Reached XP level 3. HP: 25/26 MP: 3/3
   956 | D:2      | You pick up a book of Beasts and begin reading...
   956 | D:2      | You add the spells Summon Ice Beast, Summon Mana Viper and
                  | Monstrous Menagerie to your library.
  1011 | D:2      | You pick up a book of Debilitation and begin reading...
  1011 | D:2      | You add the spells Slow, Vampiric Draining and Confusing
                  | Touch to your library.
  1026 | D:2      | You pick up a book of Fire and begin reading...
  1026 | D:2      | You add the spells Foxfire, Plasma Beam and Starburst to
                  | your library.
  1494 | D:3      | You pick up a book of the Senses and begin reading...
  1494 | D:3      | You add the spells Dazzling Flash, Mephitic Cloud and
                  | Silence to your library.
  1534 | D:3      | Found a radiant altar of Vehumet.
  1540 | D:3      | Found a faded altar of an unknown god.
  1698 | D:3      | You pick up a book of Maladies and begin reading...
  1698 | D:3      | You add the spells Sublimation of Blood, Curse of Agony and
                  | Rimeblight to your library.
  1899 | D:3      | Found an ornate altar of the Wu Jian Council.
  2024 | D:3      | Reached XP level 4. HP: 32/32 MP: 4/4
  2131 | D:4      | Found a basalt altar of Yredelemnul.
  2315 | D:4      | Reached skill level 4 in Shapeshifting
  2492 | D:4      | Gained mutation: Spells you cast may paralyse adjacent
                  | enemies. [demonic ancestry]
  2492 | D:4      | Reached XP level 5. HP: 29/37 MP: 5/5
  3006 | D:5      | Entered Level 5 of the Dungeon
  3340 | D:5      | Reached skill level 4 in Unarmed Combat
  3743 | D:5      | Gained mutation: Spells you cast may paralyse nearby
                  | enemies. [demonic ancestry]
  3743 | D:5      | Reached XP level 6. HP: 43/43 MP: 6/6
  3787 | D:5      | Reached skill level 5 in Shapeshifting
  4199 | D:6      | Noticed an ice beast
  4209 | D:6      | Killed an ice beast
  4226 | D:6      | You pick up a book of Minor Magic and begin reading...
  4226 | D:6      | You add the spells Magic Dart, Blink and Call Imp to your
                  | library.
  4263 | D:6      | Gained mutation: You may rarely emit foul miasma when
                  | damaged in melee. [demonic ancestry]
  4263 | D:6      | Reached XP level 7. HP: 42/48 MP: 7/7
  4283 | D:6      | HP: 18/72 [killer bee (7)]
  4284 | D:6      | Reached skill level 6 in Shapeshifting
  4292 | D:6      | HP: 14/72 [killer bee (1)]
  4294 | D:6      | Reached skill level 5 in Unarmed Combat
  4793 | D:6      | Noticed Maggie
  4810 | D:6      | Killed Maggie
  4811 | D:6      | Reached skill level 7 in Shapeshifting
  4811 | D:6      | Gained mutation: You sometimes emit foul miasma when
                  | damaged in melee. [demonic ancestry]
  4811 | D:6      | Reached XP level 8. HP: 34/54 MP: 8/8
  5162 | D:6      | You fall into a shaft and drop 2 floors!
  5164 | D:8      | Found a blossoming altar of Fedhas.
  5298 | D:8      | Reached skill level 6 in Unarmed Combat
  5526 | D:7      | Noticed Pikel
  5549 | D:7      | Gained mutation: You expend magic power (3 MP) to
                  | strengthen your wands. [potion of mutation]
  5549 | D:7      | Gained mutation: You possess an exceptional clarity of
                  | mind. [potion of mutation]
  5549 | D:7      | Gained mutation: You are robust. (+10% HP) [potion of
                  | mutation]
  5549 | D:7      | HP: 11/59 [lemure[Pikel] (6)]
  5574 | D:7      | Killed Pikel
  5575 | D:7      | Reached skill level 8 in Shapeshifting
  5673 | D:7      | You pick up a book of Blood and begin reading...
  5755 | D:7      | Reached XP level 9. HP: 57/64 MP: 9/9
  5870 | D:6      | You add the spells Sting, Mercury Vapours and Olgreb's
                  | Toxic Radiance to your library.
  5943 | D:6      | Found a shadowy altar of Dithmenos.
  5943 | D:6      | Found an iron altar of Okawaru.
  6069 | D:7      | Reached skill level 7 in Unarmed Combat
  6249 | D:7      | Reached skill level 9 in Shapeshifting
  6282 | D:7      | Noticed Prince Ribbit
  6303 | D:7      | Killed Prince Ribbit
  6473 | D:7      | Found an ancient bone altar of Kikubaaqudgha.
  6473 | D:7      | Noticed Jeremiah
  6568 | D:8      | HP: 13/55 [ice beast (13)]
  6581 | D:7      | HP: 9/55 [wyvern (4)]
  6778 | D:8      | HP: 16/64 [poisoned by a water moccasin]
  6798 | D:8      | HP: 13/64 [centaur/arrow (5)]
  7226 | D:8      | Found a shimmering blue altar of Sif Muna.
  7851 | D:9      | Reached skill level 10 in Shapeshifting
  7854 | D:9      | Reached skill level 8 in Unarmed Combat
  8086 | D:9      | Noticed Maurice
  8124 | D:9      | Maurice stole a flux talisman
  8125 | D:9      | Killed Maurice
  8126 | D:9      | Reached XP level 10. HP: 68/71 MP: 7/10
  8292 | D:9      | Noticed a two-headed ogre
  8565 | D:9      | Noticed a two-headed ogre
  8576 | D:9      | Killed a two-headed ogre
  8577 | D:9      | Reached skill level 2 in Dodging
  8602 | D:9      | Noticed a two-headed ogre
  8613 | D:9      | Killed a two-headed ogre
  8614 | D:9      | Reached skill level 2 in Fighting
  8736 | D:9      | Noticed a two-headed ogre
  8747 | D:9      | Killed a two-headed ogre
  8748 | D:9      | Reached skill level 3 in Dodging
  8748 | D:9      | Reached skill level 11 in Shapeshifting
  8753 | D:9      | Reached skill level 3 in Fighting
  8964 | D:9      | Reached skill level 9 in Unarmed Combat
  9286 | D:9      | Killed a two-headed ogre
  9287 | D:9      | Gained mutation: You have a tail ending in a sharp stinger.
                  | [demonic ancestry]
  9287 | D:9      | Reached XP level 11. HP: 60/83 MP: 1/11
  9407 | D:9      | Found a broken altar of Ashenzari.
  9418 | D:9      | Found a hazy altar of Hepliaklqana.
  9523 | D:9      | Noticed Amaemon
  9651 | D:9      | Killed Amaemon
  9652 | D:9      | Reached skill level 4 in Fighting
  9652 | D:9      | Reached skill level 4 in Dodging
  9899 | D:10     | Entered Level 10 of the Dungeon
  9921 | D:9      | HP: 19/80 [wight/+3 battleaxe (11)]
 10151 | D:10     | HP: 18/80 [rime drake/icy flash freeze (19)]
 10585 | D:10     | Found a staircase to the Lair.
 10880 | D:10     | You pick up a book of Spatial Translocations and begin
                  | reading...
 10880 | D:10     | You add the spells Momentum Strike and Lesser Beckoning to
                  | your library.
 10976 | D:10     | Reached skill level 12 in Shapeshifting
 11078 | D:10     | Found a shimmering blue altar of Sif Muna.
 11257 | D:10     | Found Koun's Armour Boutique.
 11430 | D:10     | Identified the +0 scale mail "Huessufi" {rPois rF+ MP+9
                  | Slay-3}
 11639 | D:10     | Found an ancient bone altar of Kikubaaqudgha.
 11647 | D:10     | Reached skill level 5 in Fighting
 11938 | D:10     | You pick up a book of Dreams and begin reading...
 11938 | D:10     | You add the spells Ensorcelled Hibernation, Fugue of the
                  | Fallen and Anguish to your library.
 12331 | D:11     | Reached skill level 5 in Dodging
 12762 | D:11     | Found a staircase to the Orcish Mines.
 12867 | D:11     | HP: 21/88 [troll zombie (6)]
 13730 | D:7      | Killed Jeremiah
 13851 | D:7      | Noticed Joseph
 13860 | D:7      | Killed Joseph
 14197 | D:7      | Found a staircase to the Ecumenical Temple.
 14207 | Temple   | Entered the Ecumenical Temple
 14211 | Temple   | Became a worshipper of Ru the Awakened
 14651 | Lair:1   | Entered Level 1 of the Lair of Beasts
 14659 | Lair:1   | Reached skill level 10 in Unarmed Combat
 14674 | D:10     | Reached XP level 12. HP: 61/95 MP: 12/12
 15254 | Lair:1   | HP: 18/95 [black mamba (17)]
 15255 | Lair:1   | HP: 7/95 [blink frog (10)]
 15258 | Lair:1   | Mangled by a blink frog

Vanquished Creatures
  4 two-headed ogres (D:9)
  Amaemon (D:9)
  Pikel (D:7)
  A cyclops (D:11)
  Maurice (D:9)
  A manticore (D:11)
  Joseph (D:7)
  Maggie (D:6)
  2 rime drakes
  Jeremiah (D:7)
  An orange demon (D:9)
  A kobold demonologist (D:11)
  3 trolls
  Prince Ribbit (D:7)
  2 shadows
  18 yaks
  2 wyverns
  A steam dragon (D:7)
  5 vampire mosquitoes
  A two-headed ogre zombie (D:11)
  An acid dragon (D:10)
  2 water moccasins
  3 orc warriors
  9 ice beasts
  A sky beast (D:8)
  3 wolves (D:10)
  6 centaurs
  4 lemures (D:7)
  A phantom (D:11)
  A kobold brigand (D:9)
  3 bullfrogs
  A gnoll sergeant (D:9)
  A scorpion (D:6)
  10 wights
  3 troll zombies (D:11)
  3 killer bees (D:6)
  2 electric eels (D:9)
  3 howler monkeys
  A bombardier beetle (D:6)
  5 orc priests
  2 sleepcaps (D:7)
  5 iguanas
  A gnoll bouda (D:8)
  8 orc wizards
  4 ogre zombies (D:11)
  6 gnolls
  6 adders
  A dart slug (D:5)
  5 ribbon worms
  32 orcs
  8 bats
  6 endoplasms
  5 giant cockroaches
  A gnoll zombie (D:11)
  7 hobgoblins
  7 jackals
  2 quokkas
  8 ball pythons
  2 gnoll skeletons (D:11)
  8 goblins
  10 kobolds
  6 orc skeletons (D:11)
  15 orc zombies (D:11)
  11 rats
278 creatures vanquished.

Table legend:
 A = Non-vault XP
 B = Vault XP
 C = Vault XP percentage of total XP
 D = Non-vault monster count
 E = Vault monster count
 F = Vault count percentage of total count
                 A         B        C        D         E       F
            +---------+---------+-------+---------+---------+-------
      Total |   15043 |    7601 |  33.6 |     207 |      67 |  24.5
            +---------+---------+-------+---------+---------+-------
        D:1 |      39 |       0 |   0.0 |      23 |       0 |   0.0
        D:2 |      38 |       0 |   0.0 |      19 |       0 |   0.0
        D:3 |      33 |       0 |   0.0 |      14 |       0 |   0.0
        D:4 |      94 |      11 |  10.5 |      16 |       6 |  27.3
        D:5 |     279 |       0 |   0.0 |      16 |       0 |   0.0
        D:6 |     754 |     389 |  34.0 |      19 |       1 |   5.0
        D:7 |    1236 |    1715 |  58.1 |      14 |       4 |  22.2
        D:8 |     991 |       0 |   0.0 |      18 |       0 |   0.0
        D:9 |    4952 |    2722 |  35.5 |      40 |       9 |  18.4
       D:10 |    3179 |    1885 |  37.2 |      16 |      12 |  42.9
       D:11 |    2440 |     879 |  26.5 |       8 |      35 |  81.4
     Lair:1 |    1008 |       0 |   0.0 |       4 |       0 |   0.0
            +---------+---------+-------+---------+---------+-------

Skill      XL: |  1  2  3  4  5  6  7  8  9 10 11 |
---------------+----------------------------------+-----
Shapeshifting  | 3 4 5 7 8 10 11 12 | 12.6
Unarmed Combat | 3 4 5 6 8 9 10 | 10.0
Dodging        | 3 5 |  5.7
Fighting       | 3 5 |  5.9

Action                     |  1- 3 |  4- 6 |  7- 9 | 10-12 || total
---------------------------+-------+-------+-------+-------++-------
  Melee: Unarmed           |   174 |    23 |   272 |   500 ||   969
         Tailslap          |    18 |    23 |    48 |   107 ||   196
         Punch             |     2 |     1 |       |       ||     3
         Short sword       |       |    82 |    25 |       ||   107
  Evoke: Wand              |       |     1 |     2 |    18 ||    21
    Use: Scroll            |     5 |     7 |     8 |     5 ||    25
         Potion            |       |       |     8 |     2 ||    10
   Stab: Paralysed         |       |     6 |     5 |    35 ||    46
 Armour: Animal skin       |     9 |       |       |       ||     9
         Ring mail         |    94 |    64 |       |       ||   158
         Skin              |       |       |   194 |   200 ||   394
  Dodge: Dodged            |    88 |    49 |   169 |   330 ||   636
   Form: Flux              |       |     1 |       |       ||     1

Illustrated notes

Table legend:
 A = Kills in this place as a percentage of kills in the entire game.
 B = Kills by you in this place as a percentage of kills by you in the entire game.
 C = Kills by friends in this place as a percentage of kills by friends in the entire game.
 D = Other kills in this place as a percentage of other kills in the entire game.
 E = Experience gained in this place as a percentage of experience gained in the entire game.
 F = Experience gained in this place divided by the number of levels of this place that you have seen.
                   A       B       C       D       E      F
               +-------+-------+-------+-------+-------+----------------------
         Total | 100.0 | 100.0 |   N/A |   N/A | 100.0 | 1741.8
       Dungeon |  98.5 |  98.5 |   N/A |   N/A |  95.5 | 1966.9
          Lair |   1.5 |   1.5 |   N/A |   N/A |   4.5 | 1008.0
               +-------+-------+-------+-------+-------+----------------------

Table legend: (Time is in decaauts)
 A = Elapsed time spent in this place.
 B = Non-inter-level travel time spent in this place.
 C = Inter-level travel time spent in this place.
 D = Time resting spent in this place.
 E = Time spent auto-exploring this place.
 F = Levels seen in this place.
 G = Mean time per level.
                   A        B        C        D        E       F      G
               +--------+--------+--------+--------+--------+-----+--------+
         Total |  15130 |  14239 |    891 |   3585 |   8302 |  13 | 1163.8 |
       Dungeon |  14624 |  13741 |    883 |   3552 |   7890 |  11 | 1329.5 |
        Temple |      8 |      1 |      7 |      0 |      0 |   1 |    8.0 |
          Lair |    497 |    497 |      0 |     33 |    412 |   1 |  497.0 |
               +--------+--------+--------+--------+--------+-----+--------+

Top non-repeatable levels by time:
     D:9: 2271 daAuts
    D:10: 2110 daAuts
     D:7: 1881 daAuts
     D:8: 1477 daAuts
     D:6: 1436 daAuts
     D:5: 1183 daAuts
    D:11: 1160 daAuts
     D:3: 962 daAuts
     D:4: 759 daAuts
     D:1: 736 daAuts
     D:2: 645 daAuts
  Lair:1: 497 daAuts
  Temple: 8 daAuts
